 Dungeon Crawl Stone Soup version 0.31-a0-1-g4198be8af4 (webtiles) character file.

Game seed: 16130116069964080002

101705 BubbleThief the Warrior (level 16, -3/174 HPs)
             Began as a Naga Cinder Acolyte on May 1, 2023.
             Was a Follower of Ignis.
             Slain by a fire dragon (9 damage)
             ... on level 15 of the Dungeon.
             The game lasted 01:04:41 (29861 turns).

BubbleThief the Warrior (Naga Cinder Acolyte)      Turns: 29861, Time: 01:04:42

Health: -3/174     AC: 22    Str: 23    XL:     16   Next: 31%
Magic:  27/27      EV:  5    Int: 16    God:    Ignis [*.....]
Gold:   2005       SH: 14    Dex:  7    Spells: 18/29 levels left

rFire   + . .        Q - +4 whip of Jajosmox {venom, rElec rC+}
rCold   + . .        x - +0 tower shield
rNeg    + . .        a - +2 robe {Will+}
rPois   +            E - +0 helmet
rElec   +            s - +1 cloak
rCorr   .            V - +0 pair of gloves
SInv    +            b - +6 lightning scales {swift, rElec}
Will    +++..        H - amulet of the acrobat
Stlth   +            v - ring of wizardry
HPRegen 0.49/turn    d - ring of positive energy
MPRegen 0.20/turn

%: acrobat, wizardry (x1)
@: slow
A: AC +5, large, see invisible, deformed body, poison resistance, slowness 2,
spit poison 1, naga tail 2
a: Spit Poison, Renounce Religion, Fiery Armour, Foxfire Swarm, Rising Flame


You were on level 15 of the Dungeon.
You worshipped Ignis.
Ignis was aware of your devotion.
You visited 3 branches of the dungeon, and saw 22 of its levels.
You also visited: Sewer and Bailey.

You collected 2061 gold pieces.
You spent 56 gold pieces at shops.

Inventory:

Hand Weapons
 Q - the +4 whip of Jajosmox (weapon) {venom, rElec rC+}
   (You took it off a spriggan in a bailey)

   rC:        It protects you from cold.
   rElec:     It insulates you from electricity.
 U - a +1 mace of holy wrath
Missiles
 G - a throwing net
Armour
 a - a +2 robe of willpower (worn)
 b - the +6 lightning scales (worn) {swift, rElec}
   (You acquired it on level 6 of the Dungeon)

   Swift:     It allows the wearer to cover ground more swiftly.
   rElec:     It insulates you from electricity.
 s - a +1 cloak (worn)
 x - a +0 tower shield (worn)
 E - a +0 helmet (worn)
 P - a +2 leather armour of cold resistance
 V - a +0 pair of gloves (worn)
Magical Staves
 r - a staff of fire
Jewellery
 d - a ring of positive energy (right hand)
 p - a +6 ring of strength
 v - a ring of wizardry (left hand)
 H - an amulet of the acrobat (around neck)
 J - a +5 ring of evasion
 W - a ring of ice
Wands
 F - a wand of quicksilver (8)
 I - a wand of mindburst (24)
 O - a wand of flame (21)
 T - a wand of iceblast (20)
Scrolls
 f - 4 scrolls of identify
 i - 4 scrolls of blinking
 j - 3 scrolls of magic mapping
 k - 8 scrolls of poison
 n - a scroll of summoning
 o - 8 scrolls of teleportation
 u - 4 scrolls of enchant armour {unknown}
 w - 3 scrolls of enchant weapon {unknown}
 y - 2 scrolls of amnesia {unknown}
 B - 4 scrolls of fear {unknown}
 C - 3 scrolls of fog {unknown}
 N - 5 scrolls of vulnerability {unknown}
 S - a scroll of brand weapon {unknown}
Potions
 c - 4 potions of berserk rage
 e - 9 potions of curing
 g - 2 potions of magic
 h - 2 potions of heal wounds
 l - 3 potions of cancellation
 m - 3 potions of mutation
 q - 7 potions of haste
 t - a potion of ambrosia
 z - 6 potions of might
 A - 3 potions of brilliance
 D - a potion of invisibility
 L - 2 potions of resistance
 R - 2 potions of attraction
Miscellaneous
 K - a box of beasts (inert)
 M - a phantom mirror


   Skills:
 - Level 18.6 Fighting
 - Level 15.3 Maces & Flails
 + Level 10.8 Shields
 - Level 7.3 Spellcasting
 - Level 6.5 Conjurations
 - Level 6.5 Fire Magic


You had 18 spell levels left.
You knew the following spells:

 Your Spells              Type           Power      Damage    Failure   Level
a - Scorch                Fire           52%        2d7       1%          2
b - Flame Wave            Conj/Fire      26%        2d8       12%         4
c - Fireball              Conj/Fire      13%        3d7       30%         5

Your spell library contained the following spells:

 Spells                   Type           Power      Damage    Failure   Level
 Shock                    Conj/Air       64%        1d7       4%          1
 Static Discharge         Conj/Air       32%        2-4/arc   6%          2
 Beastly Appendage        Tmut           10%        N/A       16%         1
 Slow                     Hex            20%        N/A       16%         1
 Summon Small Mammal      Summ           20%        N/A       16%         1
 Wereblood                Tmut           5%         N/A       24%         2
 Call Canine Familiar     Summ           5%         N/A       43%         3
 Confusing Touch          Hex            5%         N/A       43%         3
 Frozen Ramparts          Ice            10%        1d2       43%         3
 Spider Form              Tmut/Pois      5%         N/A       43%         3
 Summon Guardian Golem    Hex/Summ       5%         N/A       43%         3
 Swiftness                Air            5%         N/A       43%         3
 Vampiric Draining        Necr           5%         2d6       43%         3
 Irradiate                Conj/Tmut      8%         3d14      71%         5
 Airstrike                Air            2%         2d(1-17)  82%         4
 Ice Form                 Ice/Tmut       5%         N/A       82%         4
 Summon Ice Beast         Ice/Summ       5%         N/A       82%         4
 Summon Lightning Spire   Summ/Air       5%         N/A       82%         4
 Blade Hands              Tmut           2%         N/A       98%         5
 Summon Cactus Giant      Summ           2%         N/A       100%        6


Dungeon Overview and Level Annotations

Branches:
Dungeon (15/15)            Temple (0/1) D:5            Lair (5/5) D:8
 Shoals (0/4) Lair:3       Spider (0/4) Lair:2        Slime (0/5) Lair:4
    Orc (2/2) D:9             Elf (0/3) Orc:2        Vaults (0/5) D:14
  Sewer (visited)          Bailey (visited)
 Depths: D:15

Altars:
Fedhas
Hepliaklqana
Makhleb
Nemelex Xobeh
Ru
Trog
Wu Jian
Zin
Lugonu

Shops:
D:2 ?   D:7 **   Orc:2 ([:(

Portals:
Abyss: Lair:5

Annotations:
D:5 3 runed translucent doors, rinse's ghost, weakling KoDe


Innate Abilities, Weirdness & Mutations

Your serpentine skin is tough. (AC +5)
You have supernaturally acute eyesight. (SInv)
Armour fits poorly on your strangely shaped body.
Your system is resistant to poisons. (rPois)
You cover ground very slowly.
You can spit poison.
You can use your snake-like lower body to constrict enemies.


Message History

The fire dragon is severely wounded.
You hit the fire dragon but do no damage.
The fire dragon looks as sick as possible!
The fire dragon is severely wounded.
You block the fire dragon's attack. x2
The fire dragon tramples you but does no damage.
You hit the fire dragon but do no damage.
The fire dragon is severely wounded.
The fire dragon bites you but does no damage.
The fire dragon claws you!
* * * LOW HITPOINT WARNING * * *
The fire dragon tramples you.
* * * LOW HITPOINT WARNING * * *
You hold your ground!
You barely miss the fire dragon.
The fire dragon is severely wounded.
You closely miss the fire dragon.
The fire dragon is severely wounded.
The fire dragon barely misses you.
The fire dragon claws you but does no damage.
The fire dragon tramples you but does no damage.
You hit the fire dragon but do no damage.
The fire dragon looks as sick as possible!
The fire dragon is severely wounded.
You block the fire dragon's attack. x2
The fire dragon tramples you but does no damage.
You hit the fire dragon but do no damage.
The fire dragon is almost dead.
You hit the fire dragon.
The fire dragon is almost dead.
You block the fire dragon's attack.
The fire dragon claws you but does no damage.
The fire dragon tramples you but does no damage.
You hit the fire dragon but do no damage.
The fire dragon looks as sick as possible!
The fire dragon is almost dead.
The fire dragon barely misses you. The fire dragon claws you.
* * * LOW HITPOINT WARNING * * *
The fire dragon tramples you!
You die...

###.#### ### $$$.
.....##### #.....##
#...## ##.8..## ###
#......# #.###....###
#@D[....## #####...#
#.# #.#.# #.# #...#
#.# #..## ####^#
.#######..# ##....#
..........#
##.....##########..#
##.......#########..#


You could see a fire dragon (extremely poisoned).

Vanquished Creatures
  An orc warlord (Orc:1)
  Nessos (D:12)
  4 vault guards (D:14)
  6 hydras
  The ghost of sirJeffrey23 the Blocker, a journeyman FoFi of Qazlal (D:9)
  An ice dragon (D:15)
  4 centaur warriors
  2 catoblepae
  An ogre mage (D:14)
  2 boulder beetles
  9 death yaks
  11 two-headed ogres
  A tengu warrior (D:14)
  4 thrashing horrors (Lair:5)
  Nergalle (D:12)
  A skyshark (Lair:5)
  3 skeletal warriors (D:15)
  8 orc knights
  Pikel (D:7)
  4 deep elf pyromancers
  3 orc sorcerers (Orc:1)
  3 manticores
  4 ugly things
  A large abomination (Lair:5)
  21 elephants
  3 cyclopes
  3 black mambas
  3 smoke demons (Lair:5)
  A black mamba (shapeshifter) (Lair:5)
  A guardian serpent (shapeshifter) (D:15)
  Maggie (D:8)
  5 orange demons (D:11)
  14 cane toads
  A torpor snail (Lair:3)
  2 rime drakes
  A kobold demonologist (D:13)
  An unseen horror (D:11)
  Psyche (D:8)
  2 komodo dragons
  An efreet (D:14)
  A yaktaur (D:15)
  3 red devils (D:11)
  2 ancient zymes (Lair:5)
  3 tengu conjurers
  A wind drake (Lair:3)
  3 meliai (D:15)
  8 trolls
  A meliai (shapeshifter) (Lair:5)
  A polar bear (Lair:2)
  2 hornets (D:9)
  5 dream sheep (Lair:5)
  22 blink frogs
  8 slime creatures
  8 spriggans
  2 shadows
  A ynoxinul (Lair:5)
  6 wyverns
  4 basilisks (Lair:5)
  53 yaks
  7 humans (D:14)
  Menkaure (D:7)
  Grum (D:11)
  5 vampire mosquitoes
  8 wargs
  8 small abominations (Lair:5)
  2 acid dragons
  13 water moccasins
  52 orc warriors
  Pargi (Sewer)
  An ice beast (D:7)
  A black bear (D:7)
  4 sky beasts
  15 ogres
  22 wolves
  13 centaurs
  A lemure (D:6)
  A phantom (D:7)
  4 kobold brigands
  11 bullfrogs
  3 scorpions
  9 wights
  14 killer bees (D:8)
  2 electric eels (Lair:3)
  2 gnoll boudas
  14 orc priests
  8 hounds
  2 sleepcaps (D:6)
  5 iguanas
  18 orc wizards
  19 gnolls
  9 adders
  A white imp (D:8)
  3 dart slugs
  99 orcs
  8 endoplasms
  5 giant cockroaches
  8 hobgoblins
  4 jackals (D:3)
  27 kobolds
  5 quokkas
  14 ball pythons
  2 bats (D:1)
  12 goblins
  6 rats
742 creatures vanquished.

Vanquished Creatures (collateral kills)
  An orc warlord (Orc:1)
  A warg (Orc:1)
  An orc warrior (Orc:1)
  An orc (Orc:1)
4 creatures vanquished.

Vanquished Creatures (others)
  A human (D:14)
  27 fungi
  34 plants
62 creatures vanquished.

Grand Total: 808 creatures vanquished

Notes
Turn   | Place    | Note
-------+----------+-------------------------------------------
     0 | D:1      | BubbleThief the Naga Cinder Acolyte began the quest for the
                  | Orb.
     0 | D:1      | Reached XP level 1. HP: 21/21 MP: 2/2
    70 | D:1      | Found a faded altar of an unknown god.
    86 | D:1      | Reached XP level 2. HP: 25/28 MP: 3/3
    89 | D:1      | Learned a level 2 spell: Scorch
   488 | D:1      | Reached XP level 3. HP: 34/34 MP: 5/5
  1217 | D:2      | Found Utsowneth's Magic Scroll Shoppe.
  1223 | D:2      | Bought a scroll of poison for 56 gold pieces
  1457 | D:3      | Reached XP level 4. HP: 44/44 MP: 4/7
  1999 | D:4      | Reached skill level 4 in Fighting
  2004 | D:4      | Reached XP level 5. HP: 34/50 MP: 1/8
  2291 | D:4      | Found a burning altar of Makhleb.
  2499 | D:4      | Found a sacrificial altar of Ru.
  2772 | D:4      | Reached XP level 6. HP: 60/60 MP: 6/9
  2926 | D:4      | Found a hazy altar of Hepliaklqana.
  2926 | D:4      | Found a glowing silver altar of Zin.
  3016 | D:4      | Reached skill level 5 in Fighting
  3016 | D:4      | Reached skill level 5 in Maces & Flails
  3447 | D:4      | Reached XP level 7. HP: 67/67 MP: 3/10
  3575 | D:5      | Entered Level 5 of the Dungeon
  3580 | D:5      | Found a sparkling altar of Nemelex Xobeh.
  3594 | D:5      | Noticed a yak
  3605 | D:4      | Reached skill level 6 in Fighting
  3612 | D:5      | Killed a yak
  3702 | D:5      | Noticed a yak
  3703 | D:5      | Noticed a yak
  3704 | D:5      | Noticed a yak
  3708 | D:5      | Noticed a yak
  3716 | D:5      | Killed a yak
  3717 | D:5      | Reached XP level 8. HP: 35/78 MP: 7/11
  3722 | D:5      | Killed a yak
  3723 | D:5      | Reached skill level 7 in Fighting
  3727 | D:5      | Killed a yak
  3728 | D:5      | Killed a yak
  4004 | D:5      | Found a blossoming altar of Fedhas.
  4013 | D:5      | Reached skill level 8 in Fighting
  4167 | D:5      | Found a staircase to the Ecumenical Temple.
  4225 | D:5      | Found a runed translucent gate.
  4225 | D:5      | Found a runed translucent gate.
  4225 | D:5      | Found a runed translucent gate.
  4225 | D:5      | Noticed rinse's ghost (weakling KoDe)
  4603 | D:5      | Reached XP level 9. HP: 68/88 MP: 2/12
  5054 | D:6      | Found a glowing drain.
  5063 | Sewer    | Entered a sewer
  5173 | Sewer    | Noticed Pargi
  5178 | Sewer    | Killed Pargi
  5313 | D:6      | Identified a scroll of acquirement
  5313 | D:6      | Acquired the +6 lightning scales {swift, rElec}
  5313 | D:6      | Found the +6 lightning scales {swift, rElec}
  5626 | D:6      | Reached skill level 9 in Fighting
  6265 | D:7      | Found Yddiskautz's Assorted Antiques.
  6436 | D:7      | Noticed Pikel
  6442 | D:7      | Killed Pikel
  6443 | D:7      | Reached skill level 10 in Fighting
  6443 | D:7      | Reached skill level 10 in Maces & Flails
  6443 | D:7      | Reached XP level 10. HP: 102/102 MP: 7/13
  6450 | D:7      | Noticed Menkaure
  6461 | D:7      | Killed Menkaure
  6607 | D:7      | Found Midatset's Assorted Antiques.
  7537 | D:8      | Reached skill level 11 in Fighting
  7590 | D:8      | Noticed Psyche
  7623 | D:8      | Killed Psyche
  7758 | D:8      | Noticed Maggie
  7786 | D:8      | Killed Maggie
  8057 | D:8      | Found a staircase to the Lair.
  8340 | Lair:1   | Entered Level 1 of the Lair of Beasts
  8365 | Lair:1   | Reached XP level 11. HP: 106/114 MP: 8/14
  8523 | Lair:1   | Reached skill level 12 in Fighting
  9691 | Lair:2   | Reached skill level 13 in Fighting
  9730 | Lair:2   | Noticed a catoblepas
  9747 | Lair:2   | Killed a catoblepas
 10063 | Lair:2   | Noticed a death yak
 10063 | Lair:2   | Noticed a death yak
 10063 | Lair:2   | Noticed a death yak
 10090 | Lair:2   | Killed a death yak
 10215 | Lair:2   | Reached XP level 12. HP: 101/126 MP: 15/15
 10403 | Lair:2   | Noticed an eight-headed hydra
 10414 | Lair:2   | Killed an eight-headed hydra
 10415 | Lair:2   | Reached skill level 14 in Fighting
 10595 | Lair:3   | Noticed a death yak
 10595 | Lair:3   | Noticed a death yak
 10607 | Lair:3   | Noticed a death yak
 10631 | Lair:3   | Killed a death yak
 10653 | Lair:3   | Killed a death yak
 10655 | Lair:3   | Killed a death yak
 10778 | Lair:3   | Identified the staff of cold "Xoecaemu" {rF+ rC+ Will-
                  | Int+4}
 11332 | Lair:3   | Found a staircase to the Shoals.
 11332 | Lair:3   | Identified the +8 halberd of Temperance {flame, rN+ Int+2
                  | SInv}
 11358 | Lair:3   | Reached skill level 5 in Spellcasting
 11791 | Lair:3   | Reached skill level 15 in Fighting
 12616 | Lair:4   | Gained mutation: You can use your snake-like lower body to
                  | constrict enemies. [Naga growth]
 12616 | Lair:4   | Reached XP level 13. HP: 132/139 MP: 20/20
 12718 | Lair:4   | Reached skill level 16 in Fighting
 12915 | Lair:4   | Found a staircase to the Slime Pits.
 13639 | Lair:5   | Entered Level 5 of the Lair of Beasts
 13691 | Lair:4   | Reached skill level 17 in Fighting
 14703 | Lair:5   | Reached skill level 18 in Fighting
 15260 | Lair:5   | Reached XP level 14. HP: 150/156 MP: 19/21
 15963 | Lair:5   | Reached skill level 15 in Maces & Flails
 16489 | Lair:5   | Found a corrupted altar of Lugonu.
 16489 | Lair:5   | Found a one-way gate to the infinite horrors of the Abyss.
 16496 | Lair:5   | Learned a level 4 spell: Flame Wave
 16788 | Lair:2   | Reached skill level 1 in Conjurations
 17031 | Lair:2   | Found a hole to the Spider Nest.
 17463 | D:9      | Found a flagged portal.
 17479 | Bailey   | Entered a bailey
 17784 | Bailey   | Identified the +9 arbalest "Itwip" {flame, rElec Dex-4 SInv
                  | Stlth+}
 17784 | Bailey   | Identified the +4 whip of Jajosmox {venom, rElec rC+}
 18103 | D:9      | Found an ornate altar of the Wu Jian Council.
 18171 | D:9      | Found a bloodstained altar of Trog.
 18269 | D:9      | Found a runed translucent gate.
 18271 | D:9      | Found a runed translucent gate.
 18271 | D:9      | Found a runed translucent gate.
 18272 | D:9      | Identified the +0 chain mail of the Gastropod {rElec rC+}
 18272 | D:9      | Noticed sirJeffrey23's ghost (journeyman FoFi)
 18350 | D:9      | Killed sirJeffrey23's ghost
 18493 | D:9      | Identified the +0 chain mail of the Butcher {rN+ Str+2
                  | Int-2 SInv}
 18712 | D:9      | Found a staircase to the Orcish Mines.
 18922 | D:10     | Entered Level 10 of the Dungeon
 18928 | D:10     | Acquired Dowushruw's Essays on the Conflagrant Shapeshifter
 18938 | D:10     | Learned a level 5 spell: Fireball
 19503 | D:10     | Reached skill level 5 in Conjurations
 19669 | D:11     | Noticed Grum
 19683 | D:11     | Reached skill level 5 in Fire Magic
 19696 | D:11     | Killed Grum
 20447 | D:11     | Reached XP level 15. HP: 139/164 MP: 23/25
 21484 | Orc:1    | Entered Level 1 of the Orcish Mines
 21530 | Orc:1    | Noticed an orc warlord
 21552 | Orc:1    | Killed an orc warlord
 21810 | Orc:1    | Noticed an orc warlord
 21845 | Orc:1    | Killed an orc warlord
 22603 | Orc:1    | You fall into a shaft and drop 1 floor!
 22603 | Orc:2    | Entered Level 2 of the Orcish Mines
 22603 | Orc:2    | Found Ikaf's Weapon Shop.
 22706 | Orc:2    | Reached skill level 1 in Shields
 22742 | Orc:2    | Found Denuugi's Book Emporium.
 23151 | Orc:2    | Found a staircase to the Elven Halls.
 23625 | Orc:2    | Found Zuamoro's Armour Shop.
 23625 | Orc:2    | Found Viubel's Weapon Emporium.
 24711 | D:12     | Noticed Nessos
 24727 | D:12     | Killed Nessos
 24826 | D:12     | Reached skill level 5 in Shields
 25100 | D:12     | Noticed Nergalle
 25111 | D:12     | Killed Nergalle
 27161 | D:14     | HP: 4/164 [two-headed ogre/+0 giant club (15)]
 27849 | D:14     | Reached XP level 16. HP: 160/174 MP: 27/27
 28152 | D:14     | Found a gate to the Vaults.
 28423 | D:15     | Entered Level 15 of the Dungeon
 28779 | D:15     | Reached skill level 10 in Shields
 28900 | D:15     | HP: 6/174 [skeletal warrior/+0 short sword of speed (16)]
 28949 | D:15     | HP: 1/174 [orc knight/+0 great sword of flaming (15)]
 28955 | D:15     | HP: 7/174 [troll[an orc knight] (10)]
 29861 | D:15     | HP: 6/174 [fire dragon (6)]
 29861 | D:15     | Slain by a fire dragon

Illustrated notes

Levels and vault maps discovered:
D:1:      matt_arrival_spirals, layout_rooms,
          hellmonk_ecumenical_altar_crossroads
D:2:      minmay_recursive_quarters, layout_rooms, serial_shops,
          nicolae_shop_temple_entry_statues_fountains
D:3:      layout_rooms, small_statue_alley_b
D:4:      layout_loops_ring, hangedman_ru_absence,
          nicolae_overflow_two_pavilions, mainiacjoe_overflow_cross_hatched
D:5:      layout_rooms, fedhas_altar_fruit_tree, general_overflow_altar,
          temple_green, gammafunk_ghost_nasty_kobolds,
          kennysheep_generic_room_10
D:6:      layout_rooms, portal_sewer_entry_a, minmay_holes, st_stairs_2
D:7:      layout_rooms, serial_shops, shop, nicolae_take_the_stairs, uniq_pikel,
          uniq_menkaure
D:8:      layout_cave_pools, lair_entry_dummy, nicolae_nh_ransacked_shop,
          uniq_maggie, uniq_psyche
D:9:      layout_gridville, mainiacjoe_overflow_tiny_flanked, trog_antimagical,
          orc_0_dummy, lightli_bailey_entry_fortress, biasface_ghost_orc_armoury
D:10:     layout_big_octagon, feat_on_display
D:11:     layout_layer_cave, minmay_beelzebubs_servants, uniq_grum
D:12:     layout_long_grid, uniq_nergalle, uniq_nessos
D:13:     layout_rooms
D:14:     layout_loops_cross, ximxim_vaults_locker_room, serial_aquarium,
          aquarium_bridge_square [aquarium_subvault_balcony,
          aquarium_subvault_wall, aquarium_subvault_wall,
          aquarium_subvault_bridge], aquarium_window_1, aquarium_window_2,
          aquarium_view_2b, minmay_crystal_water
D:15:     grunt_enter_depths_hoard, layout_loops_ring
Lair:1:   layout_gridlike
Lair:2:   layout_chaotic_city, spider_nest_entry_web_field
Lair:3:   nzn_winding_woodlands_stair_trap
          [nzn_winding_woodlands_5x15_longhouse,
          nzn_winding_woodlands_5x15_lazy_stream,
          nzn_winding_woodlands_5x15_garden,
          nzn_winding_woodlands_15x15_eel_pit,
          nzn_winding_woodlands_5x15_jagged, nzn_winding_woodlands_5x15_cabin,
          nzn_winding_woodlands_5x15_river_crossing], layout_regular_city,
          minmay_shoals_entry_beasts, columned_hall_lemuel
Lair:4:   layout_layer_cave, slime_entry_1
Lair:5:   hellmonk_lair_end_abyssal_woods, layout_gridlike,
          small_statue_intersection
Orc:1:    layout_caves
Orc:2:    st_orc_town, layout_caves, hellmonk_bongcloud_opening

Skill      XL: |  1  2  3  4  5  6  7  8  9 10 11 12 13 14 15 16 |
---------------+-------------------------------------------------+-----
Spellcasting   | 2 5 6 7 |  7.3
Fighting       | 4 5 6 8 10 11 13 15 18 | 18.6
Maces & Flails | 4 5 6 8 10 11 13 14 15 | 15.3
Conjurations   | 5 6 |  6.5
Fire Magic     | 5 6 |  6.5
Shields        | 8 10 | 10.8

Action                     |  1- 3 |  4- 6 |  7- 9 | 10-12 | 13-15 | 16-18 || total
---------------------------+-------+-------+-------+-------+-------+-------++-------
  Melee: Mace              |    46 |    63 |   101 |   753 |   638 |       ||  1601
         Punch             |     1 |       |     2 |    10 |    34 |       ||    47
         Unarmed           |       |       |       |     1 |       |       ||     1
         Constrict         |       |       |       |       |   284 |    38 ||   322
         Whip              |       |       |       |       |  1184 |   371 ||  1555
   Cast: Scorch            |    10 |    44 |    89 |    81 |    55 |       ||   279
         Flame Wave        |       |       |       |       |    12 |       ||    12
         Fireball          |       |       |       |       |     5 |       ||     5
 Invoke: Fiery Armour      |       |       |     3 |     4 |     3 |     2 ||    12
Ability: Spit Poison       |    29 |    36 |    47 |    57 |    37 |       ||   206
  Evoke: Wand              |       |       |       |       |     2 |     2 ||     4
         Box of beasts     |       |       |       |       |     1 |     1 ||     2
         Phantom mirror    |       |       |       |       |     1 |       ||     1
    Use: Potion            |       |       |     1 |       |     2 |     4 ||     7
         Scroll            |       |       |     5 |     8 |    11 |     1 ||    25
 Armour: Robe              |     7 |    23 |    68 |   389 |   561 |   155 ||  1203
         Leather armour    |       |       |       |       |   277 |       ||   277
  Dodge: Dodged            |    26 |    62 |    62 |   309 |   870 |    78 ||  1407
  Block: Tower shield      |       |       |       |       |   370 |   226 ||   596

Table legend: (Time is in decaauts)
 A = Elapsed time spent in this place.
 B = Non-inter-level travel time spent in this place.
 C = Inter-level travel time spent in this place.
 D = Time resting spent in this place.
 E = Time spent auto-exploring this place.
 F = Levels seen in this place.
 G = Mean time per level.
                   A        B        C        D        E       F      G
               +--------+--------+--------+--------+--------+-----+--------+
         Total |  32165 |  31073 |   1092 |   4313 |  20909 |  24 | 1340.2 |
       Dungeon |  19142 |  18450 |    692 |   2381 |  13087 |  15 | 1276.1 |
          Lair |   9405 |   9096 |    309 |   1427 |   5789 |   5 | 1881.0 |
  Orcish Mines |   2885 |   2795 |     90 |    292 |   1705 |   2 | 1442.5 |
         Sewer |    291 |    291 |      0 |      0 |    236 |   1 |  291.0 |
        Bailey |    441 |    441 |      0 |    212 |     91 |   1 |  441.0 |
               +--------+--------+--------+--------+--------+-----+--------+

Top non-repeatable levels by time:
  Lair:5: 2752 daAuts
  Lair:3: 2025 daAuts
    D:14: 2002 daAuts
   Orc:2: 1987 daAuts
    D:11: 1926 daAuts
     D:4: 1922 daAuts
     D:5: 1646 daAuts
  Lair:2: 1636 daAuts
  Lair:4: 1606 daAuts
     D:9: 1535 daAuts
    D:15: 1415 daAuts
  Lair:1: 1385 daAuts
     D:8: 1264 daAuts
    D:12: 1200 daAuts
     D:6: 1182 daAuts
